 Dungeon Crawl Stone Soup version 0.26.1-11-gd32895ea62 (webtiles) character file.

Game seed: 13200774164568110548

414416 growler the Cloud Mage (level 23, -22/156 HPs)
             Began as a Tengu Air Elementalist on June 9, 2021.
             Was the Champion of Vehumet.
             Killed by the air
             ... invoked by a titan
              (51 damage)
             ... on level 2 of the Depths on June 14, 2021.
             The game lasted 04:00:16 (79588 turns).

growler the Cloud Mage (Tengu Air Elementalist)    Turns: 79588, Time: 04:00:16

Health: -22/156    AC:  9    Str: 11    XL:     23   Next: 57%
Magic:  33/39      EV: 34    Int: 23    God:    Vehumet [******]
Gold:   4164       SH: 13    Dex: 15    Spells: 6/44 levels left

rFire    . . .     SeeInvis .   p - staff of air
rCold    . . .     Faith    .   D - +0 kite shield {reflect}
rNeg     . . .     Spirit   .   E - +2 robe {Will+}
rPois    .         Reflect  +   (helmet restricted)
rElec    +         Harm     .   F - +0 cloak {Will+}
rCorr    .         Rampage  .   h - +3 pair of gauntlets of War {Slay+5}
Will     +++..                  (boots unavailable)
Stlth    ++........             e - amulet of magic regeneration
HPRegen  0.36/turn              J - +4 ring of evasion
MPRegen  0.51/turn              Z - ring of wizardry

@: tornado, flying quickly and evasively, quick
A: beak, talons 3, able to fly
}: 2/15 runes: decaying, gossamer
a: Renounce Religion


You were on level 2 of the Depths.
You worshipped Vehumet.
Vehumet was exalted by your worship.
You visited 9 branches of the dungeon, and saw 41 of its levels.
You also visited: Sewer and Desolation.

You collected 5423 gold pieces.
You spent 1259 gold pieces at shops.

Inventory:

Hand Weapons
 T - the +9 glaive "Ket Ycomm" {vorpal, rF- Int+4 Dex+2}
   (You took it off a deep elf death mage on level 3 of the Elven Halls)

   It inflicts extra damage upon your enemies.
   It affects your intelligence (+4).
   It affects your dexterity (+2).
   It makes you vulnerable to fire.
Armour
 a - a +2 robe of cold resistance
   (You took it off an orc sorcerer on level 2 of the Orcish Mines)
 h - the +3 pair of gauntlets of War (worn) {Slay+5}
   (You acquired it on level 14 of the Dungeon)

   It affects your accuracy and damage with ranged weapons and melee attacks
   (+5).
 D - a +0 kite shield of reflection (worn)
   (You took it off Donald on level 2 of the Swamp)
 E - a +2 robe of willpower (worn)
   (You took it off an orc sorcerer on level 2 of the Orcish Mines)
 F - a +0 cloak of willpower (worn)
   (You found it on level 9 of the Dungeon)
Magical Staves
 p - an uncursed staff of air (weapon)
   (You found it on level 2 of the Dungeon)
Jewellery
 e - an amulet of magic regeneration (around neck)
   (You found it on level 10 of the Dungeon)
 g - the ring of Bohatrig {rF++ rC- Str+6 Dex+4}
   (You found it in the Desolation of Salt)

   [ring of strength]

   It affects your strength (+6).
   It affects your dexterity (+4).
   It greatly protects you from fire.
   It makes you vulnerable to cold.
 o - an uncursed ring of protection from cold
   (You found it on level 1 of the Vaults)
 u - an uncursed ring of willpower
   (You took it off a deep elf mage on level 2 of the Elven Halls)
 z - an uncursed ring of willpower
   (You found it on level 1 of the Swamp)
 J - a +4 ring of evasion (left hand)
   (You found it on level 10 of the Dungeon)
 M - an uncursed ring of positive energy
   (You found it on level 3 of the Lair of Beasts)
 O - a +6 ring of dexterity
   (You found it on level 3 of the Lair of Beasts)
 V - an uncursed amulet of regeneration
   (You found it on level 6 of the Lair of Beasts)
 X - a +4 ring of evasion
   (You took it off a deep elf death mage on level 3 of the Elven Halls)
 Z - a ring of wizardry (right hand)
   (You found it on level 1 of the Vaults)
Wands
 c - a wand of disintegration (73)
   (You found it on level 10 of the Dungeon)
 d - a wand of iceblast (40)
   (You took it off an orc wizard on level 7 of the Dungeon)
 t - a wand of flame (26)
   (You found it on level 1 of the Elven Halls)
 v - a wand of digging (13)
   (You found it on level 6 of the Lair of Beasts)
 x - a wand of acid (41)
   (You found it on level 7 of the Dungeon)
 A - a wand of polymorph (37)
   (You took it off Joseph on level 7 of the Dungeon)
 C - a wand of enslavement (14)
   (You found it on level 3 of the Spider Nest)
Scrolls
 j - 8 scrolls of identify {@r1}
 k - 8 scrolls of magic mapping
 n - 9 scrolls of fear
 r - 11 scrolls of amnesia
 s - 3 scrolls of brand weapon
 y - 17 scrolls of remove curse {@r2}
 B - 4 scrolls of enchant armour
 G - 4 scrolls of immolation {!r}
 H - a scroll of blinking
 L - 5 scrolls of fog
 N - a scroll of silence
 S - 4 scrolls of enchant weapon
 Y - 16 scrolls of teleportation {@r4}
Potions
 b - 6 potions of cancellation
 f - 9 potions of heal wounds {@q2}
 i - 6 potions of haste {@q3}
 l - 7 potions of curing {@q1}
 m - 6 potions of attraction {!q}
 q - 3 potions of invisibility
 w - 3 potions of brilliance
 I - 7 potions of lignification {!q}
 K - 8 potions of might
 P - 4 potions of resistance
 Q - 2 potions of magic
 R - 7 potions of ambrosia
 W - 2 potions of mutation {!q}
Miscellaneous
 U - a phantom mirror
   (You found it on level 6 of the Lair of Beasts)


   Skills:
 + Level 20.0 Fighting
 - Level 12.0 Staves
 + Level 17.5 Dodging
 - Level 2.0 Stealth
 - Level 15.0 Shields
 + Level 11.4 Spellcasting
 - Level 12.0 Conjurations
 + Level 25.5 Air Magic


You had 6 spell levels left.
You knew the following spells:

 Your Spells              Type           Power        Failure   Level
a - Shock                 Conj/Air       100%         0%          1
b - Airstrike             Air            57%          0%          4
c - Lightning Bolt        Conj/Air       49%          1%          5
d - Static Discharge      Conj/Air       99%          0%          3
e - Conjure Ball Lightni  Conj/Air       49%          1%          6
f - Tornado               Air            57%          1%          9
g - Chain Lightning       Conj/Air       49%          1%          8
s - Swiftness             Air            100%         0%          2

Your spell library contained the following spells:

 Spells                   Type           Power        Failure   Level
 Lehudib's Crystal Spear  Conj/Erth      20%          89%         8
 Absolute Zero            Ice            6%           100%        9
 Animate Skeleton         Necr           26%          1%          1
 Apportation              Tloc           26%          1%          1
 Beastly Appendage        Tmut           26%          1%          1
 Corona                   Hex            14%          1%          1
 Foxfire                  Conj/Fire      100%         1%          1
 Freeze                   Ice            52%          1%          1
 Pain                     Necr           52%          1%          1
 Summon Small Mammal      Summ           52%          1%          1
 Corpse Rot               Necr/Air       N/A          1%          2
 Poisonous Vapours        Pois/Air       100%         1%          2
 Conjure Flame            Conj/Fire      40%          1%          3
 Dazzling Flash           Conj/Hex       80%          1%          3
 Inner Flame              Hex/Fire       13%          1%          3
 Mephitic Cloud           Conj/Pois/Air  82%          1%          3
 Stone Arrow              Conj/Erth      80%          1%          3
 Fulminant Prism          Conj/Hex       20%          1%          4
 Hailstorm                Conj/Ice       40%          1%          4
 Sticky Flame             Conj/Fire      40%          1%          4
 Summon Lightning Spire   Summ/Air       82%          1%          4
 Iskenderun's Battlesphe  Conj           62%          1%          5
 Silence                  Hex/Air        41%          1%          5
 Freezing Cloud           Conj/Ice/Air   41%          1%          6
 Call Imp                 Summ           13%          3%          2
 Ensorcelled Hibernation  Hex/Ice        26%          3%          2
 Passwall                 Tmut/Erth      10%          3%          2
 Slow                     Hex            13%          3%          2
 Wereblood                Tmut           13%          3%          2
 Bolt of Magma            Conj/Fire/Erth 15%          3%          5
 Call Canine Familiar     Summ           13%          6%          3
 Confusing Touch          Hex            13%          6%          3
 Gell's Gravitas          Tloc           6%           6%          3
 Portal Projectile        Hex/Tloc       26%          6%          3
 Spider Form              Tmut/Pois      6%           6%          3
 Summon Guardian Golem    Hex/Summ       13%          6%          3
 Tukima's Dance           Hex            13%          6%          3
 Iron Shot                Conj/Erth      20%          8%          6
 Starburst                Conj/Fire      20%          8%          6
 Lee's Rapid Deconstruct  Erth           6%           14%         5
 Yara's Violent Unravell  Hex/Tmut       6%           14%         5
 Cause Fear               Hex            6%           19%         4
 Ice Form                 Ice/Tmut       13%          19%         4
 Leda's Liquefaction      Hex/Erth       6%           19%         4
 Petrify                  Tmut/Erth      13%          19%         4
 Summon Ice Beast         Ice/Summ       13%          19%         4
 Alistair's Intoxication  Tmut/Pois      8%           45%         5
 Blade Hands              Tmut           6%           45%         5
 Metabolic Englaciation   Hex/Ice        6%           45%         5
 Summon Demon             Summ           6%           45%         5
 Eringya's Noxious Bog    Tmut/Pois      6%           54%         6
 Ozocubu's Refrigeration  Ice            6%           54%         6
 Statue Form              Tmut/Erth      8%           95%         6
 Orb of Destruction       Conj           31%          3%          7
 Spellforged Servitor     Conj/Summ      20%          32%         7
 Dragon Form              Tmut           6%           100%        7
 Shatter                  Erth           6%           100%        9


Dungeon Overview and Level Annotations

Branches:
Dungeon (15/15)            Temple (1/1) D:4            Lair (6/6) D:10
  Swamp (4/4) Lair:3       Spider (4/4) Lair:3        Slime (0/5) Lair:5
    Orc (2/2) D:12            Elf (3/3) Orc:2        Vaults (4/5) D:13
  Crypt (0/3) Vaults:2     Depths (2/5) D:15          Sewer (visited)
Desolation (visited)

Altars:
Ashenzari
Cheibriados
Dithmenos
Elyvilon
Fedhas
Gozag
Hepliaklqana
Kikubaaqudgha
Makhleb
Nemelex Xobeh
Okawaru
Qazlal
Ru
Sif Muna
Trog
Uskayaw
Vehumet
Wu Jian
Xom
Yredelemnul
Zin
The Shining One
Jiyva

Shops:
D:4 (   D:7 :   D:14 *   Orc:2 (*:!   Elf:2 =}   Elf:3 (:   Vaults:1 (
Vaults:2 ?   Vaults:4 ?

Portals:
Abyss: Spider:3
Pandemonium: Orc:2
Trove: D:10 (give 7 potions of haste)

Annotations:
D:6 2 transporters, Zeld's ghost, novice GnAE
D:13 2 transporters, Duder's ghost, journeyman MiBe
Lair:4 exclusion: oklob plant
Swamp:2 1 runed translucent door, Zenkrye's ghost, adept HOFi
Swamp:4 1 runed translucent door, vvl's ghost, adept DsMo
Spider:3 2 transporters, TheDeanity's ghost, adept TrFi
Orc:2 3 runed translucent doors, Icepheonix32's ghost, journeyman TeAE
Elf:2 3 runed translucent doors
Vaults:1 Jory


Innate Abilities, Weirdness & Mutations

You have a beak for a mouth.
You have claws for feet.
You can fly continuously.


Message History

Vehumet accepts your kill.
You feel your power returning. The lightning arc hits you. You resist.
The lightning arc grounds out.
You hear an angry buzzing noise.
You hear a horrible gurgling sound!
You reach down and close the door, pushing everything out of the way.
You start resting.
A glowing orange brain comes into view.
You feel a surge of power!
The lightning arc grounds out.
The glowing orange brain blinks!
You feel a surge of power!
You hear a mighty clap of thunder!
The lightning arc hits the glowing orange brain!!!
The lightning arc hits you. You resist.
The lightning arc hits the glowing orange brain!!
You kill the glowing orange brain!
Vehumet accepts your kill.
You feel your power returning. The lightning arc hits you. You resist.
The lightning arc grounds out.
You hear a shout! x2; You hear two shouts!
You hear a shout!
You hear a horrible gurgling sound!
You hear a shout!
You hear a horrible gurgling sound! x2; You hear a shout! x2
You start resting.
A titan opens the door.
An ettin comes into view.
It is wielding a +0 dire flail and a +0 great mace.
A fire giant comes into view.
It is wielding a +0 great sword of flaming.
An iron dragon comes into view.
A frost giant comes into view.
It is wielding a +2 battleaxe of freezing.
You feel a surge of power!
A great vortex of raging winds appears around you.
The titan misses you. The titan hits you!!!
You hear a shout!
The iron dragon roars deafeningly!
You hear a shout! x2
The titan hits you!!!
* * * LOW HITPOINT WARNING * * *
You hear a horrible gurgling sound!
You hear a shout! x3; You hear an angry buzzing noise.
The frost giant hits you with a +2 battleaxe of freezing!
* * * LOW HITPOINT WARNING * * *
The frost giant freezes you.
* * * LOW HITPOINT WARNING * * *
The titan waves its arms in wide circles.
The air twists around and violently strikes you in flight!!
* * * LOW HITPOINT WARNING * * *
Blink to where?
As you read the scroll of blinking, it crumbles to dust.
You hear an angry buzzing noise.
The titan waves its arms in wide circles.
The air twists around and violently strikes you in flight!!!
You die...

#.......... #.######### .. ..
#.# # .#.. #.# #### .C. ###.#
.... ... #...#####.... .
###D########............
##.######)^..)#§§.....##########
.......§###§###@###..(# #
#.....§§§§§C§.§§# ##### #
######§§§§C###### #######


You could see a titan and an ettin.

Vanquished Creatures
  A juggernaut (Depths:1)
  Xtahua (Vaults:2)
  Frederick (Vaults:3)
  Nikola (Spider:4)
  A bone dragon (Vaults:2)
  Rupert (D:15)
  Jorgrun (Orc:2)
  A tentacled monstrosity (Swamp:3)
  A lich (Depths:1)
  2 deep elf master archers (Elf:3)
  Asterion (Vaults:2)
  A sphinx (Depths:1)
  2 deep elf blademasters (Elf:3)
  A shadow dragon (Vaults:4)
  Frances (Spider:1)
  Agnes (Spider:2)
  2 tengu reavers
  Kirke (D:15)
  Donald (Swamp:2)
  2 deep elf sorcerers (Elf:3)
  3 fire giants
  A fenstrider witch (Swamp:4)
  2 ghost moths
  An iron dragon (Depths:1)
  An imperial myrmidon (Desolation)
  4 emperor scorpions
  Louise (D:14)
  8 vault wardens
  8 ironheart preservers
  9 stone giants
  8 very ugly things
  6 deep elf demonologists (Elf:3)
  3 halazid warlocks (Desolation)
  7 entropy weavers
  A bunyip (shapeshifter) (Depths:1)
  4 deep elf annihilators (Elf:3)
  Azrael (D:15)
  4 eleionomae
  3 bunyips
  3 crystal guardians (Desolation)
  3 ettins
  7 fire dragons
  8 deep elf death magi (Elf:3)
  4 yaktaur captains
  5 deep elf high priests
  16 ogre magi
  7 ragged hierophants (Desolation)
  3 boulder beetles
  A great orb of eyes (Vaults:4)
  A hydra (shapeshifter) (D:15)
  2 rakshasas
  4 peacekeepers
  18 hydras
  9 ice dragons
  10 vault guards
  A merfolk avatar (Lair:6)
  8 servants of whispers (Desolation)
  2 death knights
  48 two-headed ogres
  8 centaur warriors
  5 deep troll shamans
  A queen ant (Spider:4)
  8 alligators
  14 dancing weapons
  A satyr (shapeshifter) (Vaults:1)
  8 deep troll earth magi
  9 death yaks
  Urug (Lair:5)
  10 tengu warriors
  6 orc high priests (Orc:2)
  Sonja (Orc:1)
  10 deep elf knights
  6 skeletal warriors (Vaults:2)
  5 goliath frogs
  5 shadow wraiths
  5 unseen horrors
  19 deep trolls
  2 fire crabs (Swamp:4)
  A sea snake (Lair:5)
  A sixfirhy (Orc:2)
  A torturous demonspawn (Orc:2)
  3 spriggan druids
  5 bog bodies
  4 glowing orange brains
  An orange crystal statue (Vaults:1)
  3 flayed ghosts (Vaults:4)
  2 gelid demonspawn (Orc:2)
  24 ironbrand convokers
  4 wizards
  A harpy (shapeshifter) (Depths:1)
  14 deep elf archers
  5 swamp dragons
  A lindwurm (Swamp:4)
  5 harpies (Vaults:2)
  Pikel (D:7)
  11 orc knights
  5 necromancers
  An oklob plant (Swamp:2)
  A wolf spider zombie (D:14)
  A mana viper (shapeshifter) (Vaults:4)
  14 orb spiders
  5 manticores
  14 orc sorcerers
  43 wolf spiders
  70 ugly things
  45 deep elf magi
  A will-o-the-wisp (Swamp:4)
  9 cyclopes
  4 moths of wrath
  A fire giant skeleton (Vaults:4)
  2 elephants (Lair:6)
  2 guardian serpents (Desolation)
  7 black mambas
  10 vault sentinels
  A molten gargoyle (Desolation)
  A gargoyle (D:15)
  Joseph (D:7)
  A black mamba (shapeshifter) (Vaults:2)
  12 cane toads
  A cane toad (shapeshifter) (Vaults:1)
  2 torpor snails
  Maggie (D:9)
  4 centaur skeletons
  A hellwing (Orc:2)
  A komodo dragon (shapeshifter) (Vaults:4)
  8 kobold demonologists
  14 yaktaurs
  A rime drake (shapeshifter) (Depths:1)
  9 rime drakes
  16 komodo dragons
  A redback zombie (D:15)
  An ice devil (Orc:2)
  2 efreet
  8 demonic crawlers
  5 freezing wraiths
  31 jumping spiders
  A harpy zombie (D:15)
  2 red devils (Orc:2)
  5 tengu conjurers
  6 tyrant leeches
  A meliai (shapeshifter) (Vaults:3)
  3 polar bears
  3 meliai (Spider:4)
  2 hornets (shapeshifter)
  12 hornets
  2 bloated husks
  A queen bee (shapeshifter) (Depths:1)
  8 trolls
  A raiju (shapeshifter) (Depths:2)
  32 slime creatures
  Prince Ribbit (D:7)
  61 saltlings
  3 blink frogs (Lair:5)
  7 dream sheep (Lair:5)
  A meliai zombie (D:13)
  A human simulacrum (Vaults:4)
  A ynoxinul (Orc:2)
  30 tarantellas
  2 air elementals
  56 redbacks
  6 wyverns
  3 water elementals
  4 fire bats (Swamp:4)
  5 spriggans
  5 wraiths
  3 shadows
  18 humans (D:13)
  A hog (shapeshifter) (Elf:3)
  2 steam dragons (Swamp:4)
  5 basilisks
  A chaos spawn (Orc:2)
  6 vampire mosquitoes
  39 yaks
  5 fire elementals
  Menkaure (D:5)
  13 swamp worms
  4 wargs
  An acid dragon (D:13)
  16 water moccasins
  Duvessa (D:5)
  4 soldier ants (Spider:4)
  3 hell hounds (D:15)
  A hornet zombie (D:14)
  2 sky beasts
  A necrophage (D:10)
  10 swamp drakes
  39 orc warriors
  An eye of draining (D:15)
  7 ice beasts
  34 ogres
  2 black bears
  4 phantoms
  2 human skeletons
  16 centaurs
  11 big kobolds
  A human zombie (Vaults:1)
  22 bullfrogs
  Dowan (D:5)
  4 earth elementals
  A glowing shapeshifter simulacrum (Vaults:1)
  2 wyvern skeletons (D:11)
  2 scorpions (D:10)
  2 water moccasin skeletons (D:7)
  An orc simulacrum (Vaults:1)
  3 killer bees (D:11)
  19 wights
  A howler monkey (D:8)
  2 vampire bats (Lair:5)
  A lava snake (Swamp:4)
  2 centaur zombies
  4 jellies
  4 hounds
  An iguana (D:6)
  26 orc priests
  32 orc wizards
  2 bullfrog skeletons
  31 worker ants
  A hound skeleton (D:9)
  3 worker ant zombies
  4 gnolls (D:7)
  A howler monkey skeleton (D:4)
  9 adders
  A river rat (Sewer)
  A shadow imp (D:7)
  14 white imps
  2 ufetubi
  An ooze (D:4)
  An adder skeleton (D:6)
  An adder zombie (D:5)
  2 worms
  A dart slug (D:5)
  6 leopard geckos
  96 orcs
  7 giant cockroaches
  8 goblins
  4 hobgoblins
  2 jackals (D:9)
  5 quokkas
  7 ball pythons
  A ball python skeleton (D:5)
  12 bats
  10 frilled lizards
  37 kobolds
  A leopard gecko zombie (D:5)
  3 quokka skeletons
  20 rats
  A ball lightning (Vaults:1)
  5 crawling corpses (Elf:3)
1776 creatures vanquished.

Vanquished Creatures (collateral kills)
  5 ball lightnings
5 creatures vanquished.

Vanquished Creatures (others)
  An ironheart preserver (Vaults:4)
  A hydra (Swamp:4)
  A two-headed ogre (D:15)
  An unseen horror (D:15)
  A swamp dragon (Swamp:4)
  3 ugly things (D:15)
  A komodo dragon (D:15)
  A bloated husk (Swamp:2)
  2 hogs (D:15)
  3 steam dragons (Swamp:4)
  3 swamp drakes (Swamp:4)
  4 ogres (D:15)
  2 orcs (D:7)
  A quokka (D:6)
  361 ball lightnings
  4 foxfires (Swamp:4)
  54 fungi
  62 plants
506 creatures vanquished.

Grand Total: 2287 creatures vanquished

Notes
Turn   | Place    | Note
-------+----------+-------------------------------------------
     0 | D:1      | growler the Tengu Air Elementalist began the quest for the
                  | Orb.
     0 | D:1      | Reached XP level 1. HP: 10/10 MP: 4/4
   404 | D:1      | Reached XP level 2. HP: 15/15 MP: 4/6
   407 | D:1      | Learned a level 2 spell: Swiftness
   972 | D:2      | You fall into a shaft and drop 1 floor!
   983 | D:3      | Reached XP level 3. HP: 14/19 MP: 3/7
  1170 | D:3      | Learned a level 3 spell: Static Discharge
  1494 | D:2      | Found a stormy altar of Qazlal.
  2152 | D:3      | Reached skill level 5 in Air Magic
  2152 | D:3      | Reached XP level 4. HP: 19/24 MP: 1/9
  2750 | D:4      | Found a staircase to the Ecumenical Temple.
  2814 | Temple   | Entered the Ecumenical Temple
  3083 | D:4      | Found a shadowy altar of Dithmenos.
  3165 | D:4      | Noticed an ogre
  3181 | D:4      | Killed an ogre
  3182 | D:4      | Gained mutation: You can fly continuously. [Tengu growth]
  3182 | D:4      | Reached XP level 5. HP: 4/28 MP: 3/11
  3451 | D:3      | Learned a level 4 spell: Airstrike
  3488 | D:4      | Found Xoiwn's Antique Weapon Boutique.
  3635 | D:4      | Reached XP level 6. HP: 32/32 MP: 2/12
  3640 | D:4      | Reached skill level 6 in Air Magic
  3896 | D:4      | Found an iron altar of Okawaru.
  4315 | D:5      | Entered Level 5 of the Dungeon
  4319 | D:5      | Reached skill level 5 in Conjurations
  4376 | D:5      | Found a hazy altar of Hepliaklqana.
  4447 | D:5      | Reached XP level 7. HP: 21/36 MP: 1/14
  4946 | D:5      | Noticed Menkaure
  4948 | D:5      | Killed Menkaure
  4949 | D:5      | Reached skill level 7 in Air Magic
  5088 | D:5      | Found a sacrificial altar of Ru.
  5199 | D:5      | Found an ornate altar of the Wu Jian Council.
  5478 | D:5      | Noticed Dowan
  5481 | D:5      | Noticed Duvessa
  5599 | D:5      | Killed Duvessa
  5696 | D:5      | Killed Dowan
  5697 | D:5      | Reached skill level 5 in Spellcasting
  5697 | D:5      | Reached XP level 8. HP: 41/41 MP: 7/16
  5703 | D:5      | Learned a level 5 spell: Lightning Bolt
  5931 | D:5      | Reached skill level 8 in Air Magic
  6284 | D:5      | Found a radiant altar of Vehumet.
  6303 | D:5      | Found a shimmering blue altar of Sif Muna.
  6304 | D:5      | Found an ancient bone altar of Kikubaaqudgha.
  6306 | D:5      | Identified Kikubaaqudgha's Guide on Evil
  6317 | D:5      | Became a worshipper of Vehumet
  6574 | D:6      | Found a glowing drain.
  6590 | Sewer    | Entered a sewer
  6883 | Sewer    | Reached * piety under Vehumet
  6883 | Sewer    | Offered knowledge of Freeze by Vehumet.
  7309 | D:6      | Found a white marble altar of Elyvilon.
  7519 | D:6      | Found a hide-covered altar of Uskayaw.
  7551 | D:6      | Reached skill level 9 in Air Magic
  7657 | D:6      | Found a transporter.
  7662 | D:6      | Found a transporter.
  7662 | D:6      | Noticed Zeld's ghost (novice GnAE)
  8664 | D:7      | Reached skill level 10 in Air Magic
  8664 | D:7      | Reached XP level 9. HP: 45/45 MP: 2/17
  8803 | D:7      | Offered knowledge of Sandblast by Vehumet.
  8804 | D:7      | Reached ** piety under Vehumet
  8861 | D:7      | Noticed Prince Ribbit
  8864 | D:7      | Killed Prince Ribbit
  9249 | D:7      | Reached skill level 10 in Conjurations
  9340 | D:7      | Noticed Pikel
  9345 | D:7      | Killed Pikel
  9346 | D:7      | Reached skill level 11 in Air Magic
  9746 | D:7      | Found Uroule's Book Boutique.
 10004 | D:7      | Noticed Joseph
 10277 | D:7      | Offered knowledge of Frozen Ramparts by Vehumet.
 10616 | D:7      | Reached skill level 12 in Air Magic
 10746 | D:7      | Reached XP level 10. HP: 50/50 MP: 9/18
 11143 | D:7      | Killed Joseph
 11143 | D:7      | Reached *** piety under Vehumet
 11677 | D:8      | Reached skill level 1 in Shields
 12244 | D:8      | Reached skill level 13 in Air Magic
 12336 | D:8      | Offered knowledge of Hailstorm by Vehumet.
 12987 | D:9      | Noticed Maggie
 13487 | D:9      | Killed Maggie
 13711 | D:9      | Reached **** piety under Vehumet
 14014 | D:9      | Offered knowledge of Lee's Rapid Deconstruction by Vehumet.
 14219 | D:9      | Reached skill level 5 in Shields
 14219 | D:9      | Reached skill level 14 in Air Magic
 14624 | D:10     | Entered Level 10 of the Dungeon
 14843 | D:10     | Reached XP level 11. HP: 54/54 MP: 8/19
 14973 | D:10     | Found a staircase to the Lair.
 15759 | D:10     | Noticed a vault guard
 15778 | D:10     | Killed a vault guard
 16101 | D:10     | Found a portal to a secret trove of treasure.
 16147 | D:11     | Noticed a green ugly thing
 16150 | D:11     | Killed a green ugly thing
 16174 | D:10     | Reached skill level 15 in Air Magic
 16529 | D:11     | Killed an unseen horror
 16613 | D:11     | Identified the Handbook of Igneous Hexes
 16657 | D:11     | Noticed a four-headed hydra
 16694 | D:11     | Killed a four-headed hydra
 16948 | D:11     | Reached skill level 16 in Air Magic
 17048 | D:11     | Noticed a centaur warrior
 17052 | D:11     | Killed a centaur warrior
 17053 | D:11     | Reached XP level 12. HP: 39/59 MP: 7/20
 17060 | D:11     | Reached ***** piety under Vehumet
 17060 | D:11     | Offered knowledge of Irradiate by Vehumet.
 17816 | Lair:1   | Entered Level 1 of the Lair of Beasts
 18339 | Lair:1   | Noticed an eight-headed hydra
 18344 | Lair:1   | Killed an eight-headed hydra
 18483 | Lair:1   | Reached skill level 10 in Shields
 18483 | Lair:1   | Reached skill level 17 in Air Magic
 18978 | Lair:1   | Reached skill level 1 in Fighting
 19932 | Lair:2   | You are sucked into a shaft and drop 2 floors!
 20324 | Lair:3   | Found a staircase to the Swamp.
 20736 | Lair:2   | Noticed a five-headed hydra
 20740 | Lair:2   | Killed a five-headed hydra
 20741 | Lair:2   | Reached skill level 5 in Fighting
 20741 | Lair:2   | Reached skill level 18 in Air Magic
 20925 | Lair:2   | Noticed a four-headed hydra
 20930 | Lair:2   | Killed a four-headed hydra
 20931 | Lair:2   | Reached XP level 13. HP: 74/74 MP: 4/21
 21601 | Lair:3   | Got a smoking chain mail
 21625 | Lair:3   | Found a hole to the Spider Nest.
 22344 | Lair:4   | Reached skill level 5 in Dodging
 23461 | Lair:5   | Found a staircase to the Slime Pits.
 23462 | Lair:5   | Found a viscous altar of Jiyva.
 24252 | Lair:5   | Offered knowledge of Fulminant Prism by Vehumet.
 24434 | Lair:5   | Noticed Urug
 24439 | Lair:5   | Killed Urug
 24533 | Lair:6   | Entered Level 6 of the Lair of Beasts
 24930 | Lair:6   | Reached XP level 14. HP: 43/84 MP: 9/25
 25276 | Lair:6   | Found a frozen archway.
 26500 | Lair:6   | Reached skill level 10 in Fighting
 27335 | D:12     | Reached skill level 10 in Dodging
 27814 | D:12     | Found a staircase to the Orcish Mines.
 28403 | D:13     | Found a transporter.
 28411 | D:13     | Found a bloodstained altar of Trog.
 28435 | D:13     | Identified the cursed +0 rapier "Rimimech" {flame, Int+6}
 28435 | D:13     | Noticed Duder's ghost (journeyman MiBe)
 28437 | D:13     | Identified the +7 battleaxe of World's End {antimagic, rC-
                  | Str+4 Int+5}
 28946 | D:13     | Offered knowledge of Iskenderun's Battlesphere by Vehumet.
 28964 | D:13     | Identified the cursed +1 war axe "Detwo" {vorpal, rElec rN+
                  | Int+3}
 29174 | D:13     | Reached XP level 15. HP: 93/95 MP: 6/26
 29422 | D:13     | Found a transporter.
 29864 | D:13     | Found a gate to the Vaults.
 30029 | Orc:1    | Entered Level 1 of the Orcish Mines
 30029 | Orc:1    | Noticed Sonja
 30032 | Orc:1    | Killed Sonja
 30829 | Orc:2    | Entered Level 2 of the Orcish Mines
 30929 | Orc:2    | Found a staircase to the Elven Halls.
 31179 | Orc:2    | Found a runed translucent gate.
 31179 | Orc:2    | Found a runed translucent gate.
 31182 | Orc:2    | Found an opulent altar of Gozag.
 31183 | Orc:2    | Found a runed translucent gate.
 31183 | Orc:2    | Noticed Icepheonix32's ghost (journeyman TeAE)
 31217 | Orc:2    | Noticed Jorgrun
 31243 | Orc:2    | Killed Jorgrun
 32179 | Orc:2    | Found Vuwo's Distillery.
 32186 | Orc:2    | Found Tapistro's General Store.
 32209 | Orc:2    | Offered knowledge of Spellforged Servitor by Vehumet.
 32440 | Orc:2    | Identified a scroll of acquirement
 33259 | Orc:2    | Found Zeeshu's Antique Weapon Boutique.
 33259 | Orc:2    | Found Uguikh's Book Shop.
 33318 | Orc:2    | Found a one-way gate leading to the halls of Pandemonium.
 33365 | Orc:2    | Bought a book of the Sky for 780 gold pieces
 33372 | Orc:2    | Learned a level 6 spell: Conjure Ball Lightning
 33964 | D:14     | Noticed Louise
 33997 | D:14     | Killed Louise
 34140 | D:14     | Found an opulent altar of Gozag.
 34150 | D:14     | Reached XP level 16. HP: 48/103 MP: 11/27
 34885 | D:14     | Found Xoupti Upse's Assorted Antiques.
 34933 | D:14     | Acquired the +3 pair of gauntlets of War {Slay+5}
 34934 | D:14     | Found the +3 pair of gauntlets of War {Slay+5}
 34962 | D:15     | Entered Level 15 of the Dungeon
 34970 | D:15     | Reached skill level 1 in Staves
 35784 | D:15     | Noticed Rupert
 36066 | D:15     | Reached ****** piety under Vehumet
 36097 | D:15     | Offered knowledge of Eringya's Noxious Bog by Vehumet.
 36581 | D:15     | Found a staircase to the Depths.
 36723 | D:15     | Killed Rupert
 36724 | D:15     | Reached skill level 5 in Staves
 37219 | D:15     | Noticed Azrael
 37222 | D:15     | Killed Azrael
 37402 | D:15     | Noticed Kirke
 37408 | D:15     | Noticed a sphinx
 37409 | D:15     | Killed Kirke
 37597 | Swamp:1  | Entered Level 1 of the Swamp
 38999 | Swamp:2  | Got a bronze chain mail
 39053 | Swamp:2  | Found a runed translucent door.
 39053 | Swamp:2  | Identified the +8 trident of Strategic Superiority {drain,
                  | *Drain rPois Str+3}
 39055 | Swamp:2  | Noticed Zenkrye's ghost (adept HOFi)
 39061 | Swamp:2  | Reached XP level 17. HP: 108/108 MP: 17/31
 39625 | Swamp:3  | Offered knowledge of Ozocubu's Refrigeration by Vehumet.
 39777 | Swamp:3  | Noticed a tentacled monstrosity
 39862 | Swamp:2  | Noticed Donald
 39868 | Swamp:2  | Killed Donald
 40011 | Swamp:3  | Killed a tentacled monstrosity
 40895 | Swamp:4  | Entered Level 4 of the Swamp
 41321 | Swamp:4  | Found a runed translucent door.
 41329 | Swamp:4  | Noticed vvl's ghost (adept DsMo)
 41908 | Swamp:4  | Reached skill level 10 in Staves
 43672 | Swamp:4  | Got a decaying rune of Zot
 44150 | Spider:1 | Entered Level 1 of the Spider Nest
 44220 | Spider:1 | Reached skill level 15 in Shields
 44463 | Spider:1 | Learned a level 9 spell: Tornado
 44472 | Spider:1 | Noticed Frances
 44667 | Spider:1 | Killed Frances
 45168 | Lair:3   | Offered knowledge of Freezing Cloud by Vehumet.
 45652 | Spider:1 | Reached XP level 18. HP: 79/114 MP: 15/32
 46074 | Spider:1 | Got a scorched falchion
 48186 | Spider:3 | Noticed Agnes
 48188 | Spider:3 | Noticed TheDeanity's ghost (adept TrFi)
 48205 | Spider:2 | Killed Agnes
 48350 | Spider:3 | Identified the +9 tower shield "Abulueju" {Rampage Dex+3
                  | Stlth+}
 48354 | Spider:3 | Found a one-way gate to the infinite horrors of the Abyss.
 48564 | Spider:3 | Found a transporter.
 48700 | Spider:3 | Found a transporter.
 49025 | Spider:4 | Entered Level 4 of the Spider Nest
 49248 | Spider:4 | Reached skill level 19 in Air Magic
 49894 | Spider:4 | Noticed Nikola
 50656 | Spider:4 | Killed Nikola
 51467 | Spider:4 | Offered knowledge of Lehudib's Crystal Spear by Vehumet.
 51467 | Spider:4 | Offered knowledge of Chain Lightning by Vehumet.
 51467 | Spider:4 | Offered knowledge of Absolute Zero by Vehumet.
 52811 | Spider:4 | Reached skill level 20 in Air Magic
 52994 | Spider:4 | Got a gossamer rune of Zot
 53388 | Vaults:1 | Entered Level 1 of the Vaults
 53394 | Vaults:1 | Reached skill level 15 in Fighting
 53695 | Vaults:1 | Reached XP level 19. HP: 110/124 MP: 25/33
 53703 | Vaults:1 | Found a ruined gateway.
 53811 | Desolati | Entered the Desolation of Salt
 54516 | Desolati | HP: 1/119 [crystal guardian[a halazid warlock] (11)]
 54919 | Desolati | Got a steaming granite ring
 54942 | Desolati | Identified the ring of Bohatrig {rF++ rC- Str+6 Dex+4} (You
                  | found it in the Desolation of Salt)
 55173 | Desolati | Found the +7 Singing Sword {vorpal, sonic wave}
 56191 | Desolati | Reached skill level 21 in Air Magic
 56683 | Desolati | Got a shimmering plate armour
 57293 | Desolati | Identified Kikhuad's Papyrus of Freezing Changing
 57565 | Desolati | Got a smouldering whip
 57566 | Desolati | Identified the +2 whip "Guurph" {venom, rPois Will- Dex+4}
                  | (You found it in the Desolation of Salt)
 60167 | Vaults:1 | Reached XP level 20. HP: 84/132 MP: 2/34
 60171 | Vaults:1 | Reached skill level 22 in Air Magic
 61372 | Vaults:1 | Found Ofoket's Weapon Shoppe.
 61941 | Vaults:2 | Noticed Jory
 62456 | Vaults:2 | Noticed Xtahua
 62471 | Vaults:2 | Killed Xtahua
 62836 | Vaults:2 | Noticed a bone dragon
 62852 | Vaults:2 | Killed a bone dragon
 63010 | Vaults:2 | Noticed Asterion
 63017 | Vaults:2 | Killed Asterion
 63823 | Vaults:2 | Reached skill level 23 in Air Magic
 64047 | Vaults:2 | You are sucked into a shaft and drop 2 floors!
 64936 | Vaults:2 | Reached XP level 21. HP: 102/140 MP: 29/35
 65623 | Vaults:2 | Found Dots's Magic Scroll Shop.
 65631 | Vaults:2 | Bought a scroll of blinking for 157 gold pieces
 65631 | Vaults:2 | Bought a scroll of enchant armour for 157 gold pieces
 65740 | Vaults:2 | Learned a level 8 spell: Chain Lightning
 65950 | Vaults:2 | Found a staircase to the Crypt.
 67256 | Vaults:3 | Noticed Frederick
 67269 | Vaults:3 | Killed Frederick
 67835 | Vaults:4 | Reached skill level 15 in Dodging
 69143 | Vaults:4 | Reached skill level 24 in Air Magic
 70590 | Vaults:4 | Found Ripoot's Magic Scroll Boutique.
 70598 | Vaults:4 | Bought a scroll of blinking for 165 gold pieces
 70618 | Vaults:4 | Reached XP level 22. HP: 148/148 MP: 26/36
 70978 | Elf:1    | Entered Level 1 of the Elven Halls
 71585 | Elf:1    | Found a shimmering blue altar of Sif Muna.
 71972 | Elf:1    | Identified the ring "Yfeus" {rC+ rN+ Str+4 Dex-3 Slay+3}
 73014 | Elf:2    | Found a runed translucent gate.
 73017 | Elf:2    | Found a runed translucent gate.
 73018 | Elf:2    | Found a runed translucent gate.
 73047 | Elf:2    | Got a slimy ring mail
 73068 | Elf:2    | Found Tomo's Jewellery Boutique.
 73069 | Elf:2    | Found Tirchoic's Gadget Shoppe.
 73070 | Elf:2    | Found Guirukurea's Jewellery Boutique.
 73134 | Elf:2    | Identified the +1 ring mail of Responsibility {rPois} (You
                  | found it on level 2 of the Elven Halls)
 73162 | Elf:3    | Entered Level 3 of the Elven Halls
 74357 | Elf:3    | Identified the +1 plate armour "Xuxagg" {+Inv Regen+ Dex-5}
 74358 | Elf:3    | Identified the +9 glaive "Ket Ycomm" {vorpal, rF- Int+4
                  | Dex+2}
 74362 | Elf:3    | Identified the +1 leather armour of the Loofah {*Slow
                  | +Blink rCorr Dex+7}
 74363 | Elf:3    | Reached skill level 10 in Spellcasting
 74479 | Elf:3    | Identified the Almanac of Somewhere Else
 74491 | Elf:3    | Identified the Disquisition on Hurtful Weightlessness
 75073 | Elf:3    | Found the +0 pair of fencer's gloves {Riposte Dex+3}
 75078 | Elf:3    | Identified Jetut's Handbook of Creative Moulding
 75702 | Elf:3    | Found Puawypno's Book Emporium.
 75702 | Elf:3    | Found Fanigis's Antique Weapon Shoppe.
 76248 | Depths:1 | Entered Level 1 of the Depths
 76415 | Depths:1 | Reached skill level 25 in Air Magic
 76811 | Depths:1 | Identified the Reference Book on the Rocks
 77113 | Depths:1 | Reached XP level 23. HP: 105/156 MP: 31/38
 78287 | Depths:1 | Noticed a juggernaut
 78292 | Depths:1 | Killed a juggernaut
 78367 | Depths:1 | Identified the +1 scale mail of Lashredil {Harm rCorr} (You
                  | found it on level 1 of the Depths)
 79462 | Depths:2 | Identified the +2 rapier "Yharchiph" {vorpal, *Corrode +Inv
                  | rPois}
 79588 | Depths:2 | Killed from afar by a titan

Illustrated notes

Levels and vault maps discovered:
D:1:      lemuel_arrival_tunnels, layout_loops_ring
D:2:      layout_rooms, marbit_many_paths
D:3:      cheibrodos_helix_gallery, layout_loops_corners, roderic_three_in_a_row
D:4:      layout_layer_cave, grunt_dithmenos_smoke_and_mirrors,
          lemuel_temple_firewalk_b, serial_shops, nicolae_shop_statue_plus,
          kennysheep_okawaru_gauntlet
D:5:      layout_basic, grunt_temple_overflow_magic_moments,
          kennysheep_mini_moat, lemuel_crystal_altar,
          nicolae_ru_great_annihilating_truth, uniq_menkaure, uniq_duvessa
D:6:      layout_loops_ring, general_overflow_altar, elyvilon_altar_4,
          portal_sewer_entry_b, gammafunk_ghost_mausoleum, supply_closet_lemuel
D:7:      layout_basic, kennysheep_small_square, uniq_pikel,
          uniq_prince_ribbit1, uniq_joseph
D:8:      layout_gridville
D:9:      layout_cave_pools, uniq_maggie
D:10:     layout_basic, lair_entry_dummy, enter_trove_5,
          kennysheep_generic_room_14
D:11:     layout_gridville
D:12:     layout_basic, orc_0_dummy
D:13:     layout_loops_cross, grunt_vaults_entry_tiered, enter_bailey_6,
          gammafunk_ghost_wrathful_warriors, minmay_joined_circles
D:14:     layout_rooms, hangedman_decor_peaks_small, serial_shops,
          nicolae_shop_overgrown_old_shop, nicolae_gozag_seed_capital,
          uniq_louise
D:15:     grunt_enter_depths_hoard, layout_basic, chequers_serial_rivers_room_a,
          uniq_rupert, uniq_azrael, uniq_kirke
Temple:   minmay_temple_curvy_loop
Lair:1:   wad_woods_04, layout_cave_pods, lemuel_old_faithful,
          grunt_megastairs_2
Lair:2:   layout_concentric_octagons, beast_lair_carwin_1
Lair:3:   layout_regular_city, skrybe_swamp_entry_bodies, dummy_spider_entry,
          grunt_forest_stairs_basic
Lair:4:   layout_regular_city, infiniplex_staircase_pool_2, lemuel_fruit_tree,
          grunt_megastairs_3
Lair:5:   layout_roguey, slime_altar_1, roderic_batcave, lemuel_fruit_fields,
          uniq_urug
Lair:6:   gammafunk_lair_ancient_temple, layout_cellular_growth,
          portal_ice_cave_entry_imps, minivault_26, infiniplex_staircase_pool
Swamp:1:  layout_basic_swamp, nicolae_swamp_dense_foliage, swamp_pool5
Swamp:2:  layout_basic_swamp, ebering_ghost_funeral_grove,
          nicolae_swamp_little_tower, swamp_pool3,
          nicolae_swamp_oklob_treasure_island, uniq_donald
Swamp:3:  cheibrodos_swamp_monstrosity, layout_basic_swamp,
          nicolae_swamp_feature_on_the_river_bank
Swamp:4:  swamp_fiery, layout_basic_swamp, ebering_ghost_reflecting_pool,
          swamp_pool4, nicolae_swamp_hydra_murder_den
Spider:1: layout_spider_delve, uniq_frances
Spider:2: layout_spider_delve
Spider:3: layout_spider_delve, gammafunk_ghost_abyssal_escape, uniq_agnes
Spider:4: grunt_spider_rune_parallel, hangedman_spider_mandibles,
          minmay_another_anthill, uniq_nikola
Orc:1:    layout_caves, uniq_sonja
Orc:2:    pf_orc_diabolical, layout_caves, ebering_ghost_gozag, uniq_jorgrun
Elf:1:    minmay_elf_arrival_circle, layout_onion_city, basic_altar,
          kennysheep_underground_church
Elf:2:    layout_rooms, minmay_shop_grove
Elf:3:    elf_hall_gauntlet_narrow, layout_gridlike, minmay_shoptagon
Vaults:1: nicolae_vaults_statue_guard, dpeg_vaults_monster_box, v_misc_13,
          nicolae_vaults_three_branches, nicolae_vaults_little_squares_2,
          v_pattern_5, ontoclasm_vaults_ring_large, hangedman_vaults_river_flow,
          nicolae_vaults_network_quincunx
          [nicolae_vaults_network_quincunx_subvault,
          nicolae_vaults_network_quincunx_subvault,
          nicolae_vaults_network_quincunx_subvault,
          nicolae_vaults_network_quincunx_subvault,
          nicolae_vaults_network_quincunx_subvault], hangedman_vaults_nodes,
          vaults_room_ringed_pool, vaults_room_large_hall, v_misc_25,
          nicolae_vaults_rhombus_6, hangedman_vaults_corner_blocks,
          layout_vaults_maze_bifur, portal_desolation_entry_salt
Vaults:2: minmay_crypt_entry_nasty_monster, vaults_room_large_hall,
          vaults_mumra_hexcomb, v_rooms_2, hangedman_vaults_stagger,
          ontoclasm_vaults_ring_square, nicolae_vaults_diagonal_hallway_8,
          v_misc_9, vaults_room_pool, ontoclasm_vaults_twist, v_pattern_3,
          nicolae_vaults_theta, hangedman_vaults_nails,
          nicolae_vaults_little_squares_6, layout_vaults_ring, serial_shops,
          shop_scrolls, uniq_jory, uniq_xtahua, uniq_asterion
Vaults:3: vaults_room_fours, v_misc_8, hangedman_vaults_capsules,
          nicolae_vaults_ring_of_whatevers, nicolae_vaults_network_periphery,
          v_rooms_6, nicolae_vaults_little_ls, layout_vaults_omnicross,
          uniq_frederick
Vaults:4: nicolae_vaults_border_crossing, st_octagons_2, vaults_dpeg_ring,
          v_rooms_3, vaults_mumra_minichess_inversion,
          nicolae_vaults_mini_display_case, v_pattern_2,
          grunt_vaults_hallway_short, nicolae_vaults_specimen_jars,
          ontoclasm_vaults_decontamination, v_misc_11, layout_vaults_big_room,
          serial_shops, nicolae_shop_waterfront, uniq_margery
Depths:1: wad_mega_maze, layout_honeycomb, abyss_entry_small_statue_room,
          hangedman_abyss_or_decor_slice, hell_entry, hangedman_research_geology
Depths:2: hangedman_box_tower, layout_basic, patterned_corridor, hell_entry

Skill      XL: |  1  2  3  4  5  6  7  8  9 10 11 12 13 14 15 16 17 18 19 20 21 22 23 |
---------------+----------------------------------------------------------------------+-----
Conjurations   | 2 3 4 5 6 9 11 12 | 12.0
Air Magic      | 5 6 7 10 12 14 16 18 20 21 23 24 25 | 25.5
Spellcasting   | 3 4 5 7 9 10 11 | 11.4
Shields        | 5 8 10 11 13 15 | 15.0
Fighting       | 5 8 11 12 13 15 16 17 18 19 20 | 20.0
Dodging        | 3 7 11 12 13 14 15 16 17 | 17.5
Staves         | 7 11 12 | 12.0
Stealth        | |  2.0

Action                   |  1- 3 |  4- 6 |  7- 9 | 10-12 | 13-15 | 16-18 | 19-21 | 22-24 || total
-------------------------+-------+-------+-------+-------+-------+-------+-------+-------++-------
Melee: Unarmed           |     1 |       |       |       |       |       |       |       ||     1
       Dagger            |     5 |       |       |       |       |       |       |       ||     5
       Peck              |     1 |     3 |     5 |    12 |    46 |    19 |    67 |    31 ||   184
       Staff             |       |     5 |    61 |    84 |   181 |    69 |   298 |   174 ||   872
       Kick              |       |       |    21 |    27 |    64 |    22 |    98 |    68 ||   300
 Cast: Shock             |    57 |    48 |    31 |     9 |     3 |       |     1 |       ||   149
       Static Discharge  |       |    16 |    20 |    54 |   126 |    93 |   162 |    32 ||   503
       Airstrike         |       |       |   101 |   273 |   492 |   704 |   559 |   174 ||  2303
       Swiftness         |       |       |     1 |       |       |     3 |     5 |       ||     9
       Lightning Bolt    |       |       |       |     3 |    31 |    13 |     5 |       ||    52
       Conjure Ball Ligh |       |       |       |       |    13 |    63 |    53 |     5 ||   134
       Tornado           |       |       |       |       |       |       |    16 |     4 ||    20
       Chain Lightning   |       |       |       |       |       |       |       |    87 ||    87
 Abil: Fly               |       |     1 |       |       |       |       |       |       ||     1
Evoke: Wand              |       |       |       |       |     3 |     5 |     2 |       ||    10
  Use: Potion            |       |       |     2 |       |       |     7 |     2 |     2 ||    13
       Scroll            |       |       |    10 |     7 |    13 |    12 |     8 |     6 ||    56
 Stab: Sleeping          |     1 |       |     7 |       |       |       |       |       ||     8
       Distracted        |       |       |       |       |       |     1 |       |       ||     1
Armor: Robe              |     1 |     2 |     6 |     9 |       |    40 |    23 |    40 ||   121
       Acid dragon scale |       |       |       |    23 |    49 |     2 |       |       ||    74
Dodge: Dodged            |    12 |    25 |    66 |   109 |   297 |   435 |   472 |   180 ||  1596
Block: Kite shield       |       |       |       |    89 |   229 |   281 |   371 |   114 ||  1084
       Reflection        |       |       |       |       |       |     3 |    34 |    15 ||    52
